 Dungeon Crawl Stone Soup version 0.25.1-2-g60ff931df9 (webtiles) character file.

Game seed: 17436072348372978926

889 Gabide the Cudgeler (level 8, -1/58 HPs)
             Began as a Human Warper on Sept 21, 2020.
             Was an Initiate of Sif Muna.
             Slain by a sky beast (3 damage)
             ... on level 7 of the Dungeon.
             The game lasted 00:22:23 (6283 turns).

Gabide the Cudgeler (Human Warper)                  Turns: 6283, Time: 00:22:24

Health: -1/58      AC:  6    Str: 14    XL:     8   Next: 27%
Magic:  2/12       EV: 11    Int: 13    God:    Sif Muna [......]
Gold:   235        SH:  0    Dex: 13    Spells: 2/12 levels left

rFire    + . .     SeeInvis .   p - +0 flail (protect)
rCold    . . .     Gourm    .   (no shield)
rNeg     . . .     Faith    .   C - +0 ring mail
rPois    .         Spirit   .   o - +0 hat
rElec    .         Reflect  .   r - +0 cloak
rCorr    .         Harm     .   (no gloves)
MR       .....                  (no boots)
Stlth    +.........             (no amulet)
HPRegen  0.19/turn              m - ring of protection from fire
MPRegen  0.13/turn              (no ring)

@: very slightly contaminated, heavily drained
A: no striking features
a: Renounce Religion


You were on level 7 of the Dungeon.
You worshipped Sif Muna.
Sif Muna was noncommittal.
You were not hungry.

You visited 2 branches of the dungeon, and saw 7 of its levels.

You collected 235 gold pieces.

Inventory:

Hand Weapons
 a - a +1 mace
 l - a +4 quarterstaff of chaos
 p - a +0 flail of protection (weapon)
 v - a +3 mace
 w - a +0 flail
Missiles
 u - 61 stones
 B - 2 javelins (quivered)
Armour
 b - a +1 leather armour
 o - a +0 hat (worn)
 r - a +0 cloak (worn)
 C - a +0 ring mail (worn)
Jewellery
 e - a cursed ring of teleportation {unknown}
 m - a ring of protection from fire (left hand)
 s - a cursed amulet of inaccuracy {unknown}
 x - a cursed ring of attention {unknown}
Wands
 q - a wand of random effects (24)
Scrolls
 d - 4 scrolls of blinking
 j - a scroll of teleportation
 t - 2 scrolls of fog {unknown}
 y - a scroll of remove curse
 z - 2 scrolls of identify
 A - a scroll of fear {unknown}
Potions
 c - 2 potions of lignification {unknown}
 g - a potion of degeneration {unknown}
 h - 2 potions of curing {unknown}
 i - a potion of magic {unknown}
 k - a potion of berserk rage {unknown}
 n - a potion of resistance {unknown}
 E - a potion of might {unknown}
Comestibles
 f - 10 rations
 D - 14 chunks of flesh


   Skills:
 + Level 3.1(1.6) Fighting
 * Level 6.5(4.8) Maces & Flails
 - Level 1.2(0.0) Throwing
 + Level 2.3(0.8) Armour
 + Level 3.6(2.1) Dodging
 - Level 0.1(0.0) Stealth
 + Level 2.7(1.2) Spellcasting
 + Level 1.7(0.2) Charms
 + Level 4.0(2.4) Translocations


You had 2 spell levels left.
You knew the following spells:

 Your Spells              Type           Power        Failure   Level  Hunger
a - Blink                 Tloc           N/A          30%         2    ###....
b - Shroud of Golubria    Chrm/Tloc      #.....       45%         2    ###....
c - Gell's Gravitas       Tloc           #.........   52%         3    ####...
d - Lesser Beckoning      Tloc           #.........   52%         3    ####...

Your spell library contained the following spells:

 Spells                   Type           Power        Failure   Level  Hunger
 Apportation              Tloc           #.....       21%         1    ##.....
 Animate Skeleton         Necr           N/A          50%         1    ##.....
 Corona                   Hex            #......      50%         1    ##.....
 Summon Small Mammal      Summ           #...         50%         1    ##.....
 Teleport Other           Tloc           #.......     52%         3    ####...
 Passage of Golubria      Tloc           N/A          90%         4    #####..


Dungeon Overview and Level Annotations

Branches:
Dungeon (7/15)             Temple (1/1) D:6

Altars:
Ashenzari
Cheibriados
Dithmenos
Elyvilon
Fedhas
Gozag
Hepliaklqana
Kikubaaqudgha
Makhleb
Nemelex Xobeh
Okawaru
Qazlal
Ru
Sif Muna
Trog
Uskayaw
Vehumet
Wu Jian
Xom
Yredelemnul
The Shining One


Message History

The bullfrog barely misses you.
The howler monkey hits you but does no damage.
Something hits you but does no damage. The bullfrog barely misses you.
The wight hits you with a +0 great sword!
* * * LOW HITPOINT WARNING * * *
You climb downwards.
Reactivating autopickup.
There is a stone staircase leading up here.
Casting: Blink (dangerous; 30% risk of failure)
Confirm with . or Enter, or press ? or * to list all spells.
You miscast Blink.
You are very lightly contaminated with residual magic.
Nothing appears to happen.
The wight hits you with a +3 hand axe of freezing.
* * * LOW HITPOINT WARNING * * *
The wight freezes you.
* * * LOW HITPOINT WARNING * * *
The bullfrog hits you but does no damage.
The howler monkey barely misses you. Something hits you.
You die...

......#......#..#.........#......
#####.#.######..#.#######.#......
# #.#.# #..#.#.....#.#.#.... #
#.#.# #..#.#.###.#.#.#.... #
#.#.# #..#.#.# #.#.#.#.... #
#.#.######..#.#.# #.#.#.#....
#####.#.#.........#.# #.#.#.#....
......#.#.#####Fzh#.###.#.#.#....
####..#.........@z..#...#.#.#....
..#.....#.#######.###.###.#.#....
#.#.................#)....#......
....###.....#####.#.#############
............# #.#.#............
########..#.#####.#.#.###########
..................#.#.# #..
........#.#########.#.# #.#
#########.# #.#.# #.#


You could see a bullfrog, a howler monkey and 2 wights.

Vanquished Creatures
  An ogre (D:4)
  A centaur (D:7)
  A bullfrog (D:4)
  A howler monkey (D:7)
  A crimson imp (D:7)
  Crazy Yiuf (D:3)
  2 bullfrog skeletons
  A jelly (D:7)
  A hound (D:4)
  An orc priest (D:4)
  3 orc wizards
  A centaur skeleton (D:6)
  An iguana (D:3)
  4 worker ants
  2 hound skeletons
  A worker ant zombie (D:7)
  6 adders
  3 adder skeletons
  2 worms
  A leopard gecko (D:3)
  11 orcs
  2 giant cockroaches
  8 hobgoblins
  7 jackals
  3 quokkas
  9 bats
  4 frilled lizards
  10 goblins
  3 kobolds
  2 quokka skeletons
  9 rats
103 creatures vanquished.

Notes
Turn   | Place    | Note
-------+----------+-------------------------------------------
     0 | D:1      | Gabide the Human Warper began the quest for the Orb.
     0 | D:1      | Reached XP level 1. HP: 16/16 MP: 3/3
   354 | D:1      | Reached XP level 2. HP: 22/22 MP: 5/5
   358 | D:1      | Learned a level 2 spell: Blink
   840 | D:1      | Reached XP level 3. HP: 27/27 MP: 6/6
  2111 | D:3      | Reached XP level 4. HP: 28/34 MP: 7/7
  2160 | D:3      | Learned a level 2 spell: Shroud of Golubria
  2345 | D:3      | Reached skill level 3 in Maces & Flails
  2345 | D:3      | Reached XP level 5. HP: 17/39 MP: 8/8
  2666 | D:3      | Reached skill level 1 in Charms
  2735 | D:3      | Found a runed translucent door.
  2736 | D:3      | Noticed Crazy Yiuf
  3041 | D:3      | Killed Crazy Yiuf
  3214 | D:4      | Noticed a bullfrog
  3226 | D:4      | Reached skill level 4 in Maces & Flails
  3226 | D:4      | Reached XP level 6. HP: 36/46 MP: 6/9
  3822 | D:4      | Noticed an ogre
  3876 | D:4      | Killed an ogre
  3876 | D:4      | Reached skill level 5 in Maces & Flails
  3876 | D:4      | Reached XP level 7. HP: 21/51 MP: 4/10
  4126 | D:4      | Learned a level 3 spell: Gell's Gravitas
  4130 | D:4      | Learned a level 3 spell: Lesser Beckoning
  4279 | D:4      | You fall into a shaft and drop 3 floors!
  4692 | D:7      | Reached skill level 6 in Maces & Flails
  4692 | D:7      | Reached XP level 8. HP: 57/57 MP: 9/12
  5739 | D:6      | Found a staircase to the Ecumenical Temple.
  5777 | Temple   | Entered the Ecumenical Temple
  5963 | Temple   | Became a worshipper of Sif Muna the Loreminder
  6283 | D:7      | HP: 2/58 [wight/+3 hand axe of freezing (2)]
  6283 | D:7      | Slain by a sky beast

Illustrated notes

Levels and vault maps discovered:
D:1:      dpeg_arrival_subterranean_lakeside_camping, layout_loops_ring,
          minivault_19
D:2:      cheibrodos_helix_gallery, layout_basic, first_ration
D:3:      layout_rooms, minmay_misc_feat_secret_circle, uniq_crazy_yiuf_cottage
D:4:      layout_gridville
D:6:      layout_basic, minmay_temple_entry_large_hall
D:7:      layout_basic
Temple:   minmay_crystal_snake_temple

Skill      XL: |  1  2  3  4  5  6  7  8 |
---------------+-------------------------+-----
Maces & Flails | 3 4 5 6 |  6.5
Charms         | 1 |  1.7
Armour         | 2 |  2.3
Dodging        | 3 |  3.6
Fighting       | 3 |  3.1
Translocations | 4 |  4.0
Throwing       | |  1.2
Stealth        | |  0.1
Spellcasting   | |  2.7

Action                   |  1- 3 |  4- 6 |  7- 9 || total
-------------------------+-------+-------+-------++-------
Melee: Mace              |   134 |     9 |       ||   143
       Flail             |       |   149 |   158 ||   307
Throw: Boomerang         |     4 |     1 |       ||     5
       Stone             |       |     1 |     8 ||     9
       Javelin           |       |       |    23 ||    23
 Cast: Shroud of Golubri |       |     6 |     9 ||    15
       Blink             |       |     3 |     2 ||     5
       Lesser Beckoning  |       |       |     1 ||     1
       Gell's Gravitas   |       |       |     3 ||     3
Evoke: Wand              |       |    14 |       ||    14
  Use: Scroll            |     5 |     2 |     1 ||     8
       Potion            |       |     1 |       ||     1
 Stab: Confused          |       |     1 |       ||     1
  Eat: Chunk             |     4 |     3 |     3 ||    10
       Ration            |       |     1 |     2 ||     3
Armor: Leather armour    |    31 |    71 |    40 ||   142
       Ring mail         |       |       |    37 ||    37
Dodge: Dodged            |   106 |   116 |    99 ||   321
